Map: Site Delta LE

Players

NightMare - Winner!

  • Race: Protoss Protoss
  • Spawn Location: 11:00

Bunny

  • Race: Terran Terran
  • Spawn Location: 5:00

Event: ESL Spring 2024 Finals

VOD

Have the link to the VOD?

Description

Time

  • Played on: May 31, 2024, 8:16 p.m.
  • Length: 13:20

All games in this series

Show
View Real Time Build Order
Export as new Build Order

NightMare Protoss - Winner!

Build Orders: 1 Gate Expand, Blink Stalkers, Zealot Archon 

Get SALT Encoding   

  12  0:00  Probe  
  13  0:12  Probe  
  14  0:17  Pylon  
  14  0:24  Probe (Chrono Boost)  
  15  0:36  Probe (Chrono Boost)  
  15  0:37  Gateway  
  16  0:44  Probe (Chrono Boost)  
  16  0:47  Assimilator  
  17  0:50  Probe  
  18  1:03  Probe  
  19  1:15  Probe  
  20  1:24  Cybernetics Core  
  20  1:32  Nexus  
  20  1:37  Pylon  
  20  1:40  Probe  
  21  1:47  Assimilator  
  21  1:52  Probe  
  22  1:57  Adept (Chrono Boost)  
  24  2:01  Warp Gate  
  24  2:04  Probe  
  25  2:16  Probe  
  25  2:18  Twilight Council  
  26  2:26  Stalker  
  26  2:28  Probe  
  29  2:36  Gateway  
  29  2:40  Probe  
  30  2:45  Probe  
  30  2:47  Blink (Chrono Boost)  
  31  2:52  Probe  
  31  2:57  Probe  
  33  3:03  Stalker  
  33  3:05  Probe  
  36  3:09  Probe  
  37  3:15  Pylon  
  37  3:17  Probe  
  38  3:21  Probe  
  38  3:25  Robotics Facility  
  39  3:31  Probe  
  39  3:33  Probe  
  41  3:36  Gateway  
  41  3:43  Probe  
  41  3:45  Probe  
  41  3:46  Assimilator  
  43  3:49  Stalker x2  
  43  3:55  Probe  
  48  3:57  Probe  
  49  4:07  Probe  
  49  4:09  Probe  
  51  4:19  Probe  
  51  4:20  Nexus  
  51  4:21  Charge (Chrono Boost), Probe  
  51  4:23  Observer  
  52  4:29  Pylon  
  52  4:34  Gateway  
  52  4:36  Gateway  
  52  4:37  Gateway  
  52  4:44  Gateway  
  52  4:45  Probe x2  
  54  4:54  Pylon  
  54  4:56  Assimilator  
  54  4:57  Probe x2  
  56  5:02  Sentry x2  
  56  5:03  Zealot  
  56  5:06  Pylon  
  62  5:12  Probe x2  
  64  5:17  Robotics Bay  
  64  5:19  Shield Battery  
  64  5:23  Warp Prism (Chrono Boost)  
  64  5:24  Probe x2  
  68  5:33  Zealot x3  
  74  5:35  Probe  
  74  5:37  Probe  
  74  5:38  Probe  
  77  5:44  Zealot x2  
  81  5:50  Pylon  
  81  5:51  Zealot  
  86  6:00  Zealot, Pylon  
  86  6:01  Disruptor (Chrono Boost)  
  92  6:09  Zealot x4  
  97  6:12  Probe x2  
  97  6:13  Probe  
  97  6:18  Pylon  
  100  6:24  Templar Archives  
  99  6:26  Disruptor (Chrono Boost)  
  99  6:27  Zealot x2  
  107  6:33  Probe x2  
  107  6:36  Probe  
  108  6:40  Zealot x4  
  108  6:44  Pylon  
  114  6:52  Probe  
  114  6:53  Pylon  
  114  6:54  Pylon  
  115  7:01  Zealot x2  
  117  7:03  Zealot x4  
  113  7:15  Disruptor (Chrono Boost)  
  89  7:26  High Templar x3  
  89  7:27  Zealot x3, High Templar  
  89  7:29  Nexus  
  91  7:33  Gateway, Archon x2  
  91  7:36  Probe x3  
  90  7:38  Observer  
  90  7:40  Gateway  
  90  7:46  Stalker  
  90  7:47  Stalker x2  
  90  7:48  Probe x3  
  100  7:53  Forge  
  100  7:59  Stalker x2  
  100  8:00  Probe x3  
  105  8:07  Stalker x3  
  109  8:13  Stalker x2  
  111  8:25  Stalker x2  
  111  8:29  Zealot  
  111  8:33  Zealot x2  
  111  8:34  Zealot  
  115  8:37  Colossus (Chrono Boost)  
  115  8:38  Zealot x3  
  109  8:48  Protoss Ground Weapons Level 1 (Chrono Boost)  
  105  8:51  Zealot x3  
  101  8:56  Zealot x3, Observer  
  101  9:01  Zealot x3  
  113  9:05  Pylon  
  113  9:11  Extended Thermal Lance  
  113  9:15  Gateway  
  113  9:17  Stalker x4  
  113  9:19  Colossus  
  113  9:22  Observer  
  117  9:25  Zealot  
  117  9:26  Zealot x3  
  117  9:30  Zealot  
  127  9:35  Shield Battery  
  133  9:46  Zealot x6  
  133  9:50  Stalker x2  
  147  9:54  Pylon  
  147  9:58  Probe x3  
  150  10:04  Pylon  
  150  10:07  Photon Cannon  
  150  10:08  Dark Shrine  
  150  10:14  Zealot x7  
  150  10:17  Observer  
  163  10:21  Stalker x3  
  167  10:33  Protoss Ground Weapons Level 2 (Chrono Boost)  
  151  10:37  Zealot x7  
  135  10:51  Disruptor (Chrono Boost)  
  135  10:52  Zealot x3  
  145  10:59  Zealot x7  
  145  11:00  Robotics Facility  
  151  11:18  Zealot x3  
  153  11:20  Dark Templar  
  153  11:21  Dark Templar  
  153  11:23  Dark Templar  
  153  11:25  Zealot x4, Nexus  
  163  11:30  Assimilator  
  163  11:32  Assimilator  
  170  11:35  Pylon, Probe x3  
  171  11:42  Disruptor (Chrono Boost)  
  170  11:49  Zealot x4, Disruptor (Chrono Boost)  
  180  11:58  Pylon  
  180  12:01  Zealot x3  
  184  12:06  Zealot  
  188  12:09  Assimilator  
  188  12:10  Assimilator  
  188  12:16  Probe x2  
  159  12:30  Zealot x8  
  159  12:31  Zealot x2, Disruptor x2 (Chrono Boost)  
  183  12:38  Probe x4  
  171  12:56  Zealot x8  
  175  13:01  Zealot x2  
  175  13:03  Observer x2 (Chrono Boost)  
Show
View Real Time Build Order
Export as new Build Order

Bunny Terran 

Build Orders:  

Get SALT Encoding   

  12  0:00  SCV  
  13  0:12  SCV  
  14  0:17  Supply Depot  
  14  0:24  SCV  
  15  0:38  SCV  
  15  0:40  Barracks  
  16  0:44  Refinery  
  16  0:50  SCV  
  17  1:03  SCV  
  18  1:15  SCV  
  19  1:27  Orbital Command  
  20  1:35  Command Center  
  20  1:45  Factory  
  19  1:48  Marine  
  19  1:53  SCV  
  21  2:00  Supply Depot  
  21  2:05  SCV  
  21  2:07  Barracks Reactor  
  22  2:09  Refinery  
  22  2:17  SCV  
  23  2:29  Hellion  
  26  2:30  SCV  
  26  2:37  Starport  
  26  2:42  SCV  
  27  2:44  Marine x2  
  27  2:47  Orbital Command  
  31  2:51  Widow Mine  
  31  2:55  SCV  
  32  3:02  Marine x2  
  34  3:07  SCV  
  37  3:13  SCV, Widow Mine  
  37  3:16  Medivac  
  37  3:19  SCV  
  41  3:22  Supply Depot  
  41  3:25  SCV  
  41  3:26  Marine  
  43  3:28  Marine  
  43  3:31  SCV  
  45  3:38  SCV  
  45  3:39  Barracks  
  46  3:43  SCV  
  46  3:47  Starport Tech Lab, Barracks, Factory Tech Lab  
  47  3:51  SCV  
  47  3:55  SCV, Marine  
  48  3:56  Supply Depot  
  48  3:57  Marine  
  51  4:07  SCV x2  
  51  4:11  Siege Tank  
  51  4:12  Supply Depot  
  51  4:16  Marine  
  51  4:17  Marine  
  48  4:20  Bunker  
  48  4:22  Medivac  
  49  4:25  SCV x2  
  51  4:34  Marine x2, Engineering Bay  
  51  4:37  SCV  
  51  4:38  SCV  
  53  4:46  Siege Tank  
  53  4:49  SCV  
  53  4:50  SCV  
  55  4:58  Marine x2  
  55  4:59  Barracks Tech Lab  
  57  5:00  Starport Reactor, Refinery  
  57  5:01  SCV, Stimpack  
  57  5:02  SCV  
  57  5:04  Marine  
  60  5:09  Supply Depot  
  60  5:10  Terran Infantry Weapons Level 1  
  60  5:14  SCV x2  
  61  5:16  Marine x2  
  61  5:20  Supply Depot, Refinery  
  64  5:21  Marine x2  
  64  5:27  Combat Shield  
  64  5:28  SCV x2  
  68  5:37  Marine x2  
  68  5:38  Factory Reactor  
  68  5:40  SCV, Marauder x2  
  68  5:41  SCV  
  76  5:44  Supply Depot  
  76  5:49  Medivac  
  78  5:55  Supply Depot, Marine x2  
  80  5:58  Medivac  
  80  6:02  Marauder  
  80  6:04  Marauder  
  86  6:12  Supply Depot  
  86  6:13  Marine x2  
  86  6:16  Widow Mine x2  
  92  6:23  Marauder  
  92  6:25  Marauder  
  96  6:26  SCV x2  
  96  6:28  Medivac  
  96  6:31  Marine x2  
  101  6:33  Medivac  
  99  6:45  Marine  
  99  6:46  Marine  
  101  6:49  Widow Mine x2  
  101  6:50  Concussive Shells  
  101  6:51  Marine x2  
  106  6:57  SCV  
  106  6:58  SCV  
  108  7:03  Marauder  
  110  7:11  Marine x2  
  110  7:12  Supply Depot x2  
  110  7:13  Marauder  
  110  7:15  Widow Mine  
  110  7:17  Widow Mine  
  99  7:23  Medivac x2  
  99  7:24  Marauder  
  99  7:28  Marine  
  99  7:29  Marine  
  105  7:34  Marauder  
  105  7:36  Widow Mine  
  105  7:37  Terran Infantry Armor Level 1  
  109  7:38  Widow Mine  
  111  7:47  Command Center  
  111  7:52  Marauder  
  111  7:55  Marine  
  111  7:56  Marine, Marauder  
  117  8:02  Widow Mine x2  
  121  8:08  SCV x2  
  119  8:12  Marine  
  119  8:13  Marine  
  119  8:14  Barracks  
  120  8:23  Widow Mine x2, Medivac x2  
  121  8:29  Marauder  
  121  8:31  Marine x2, Marauder  
  113  8:45  Widow Mine x2  
  107  8:49  Marine x2  
  107  8:50  Marauder  
  107  8:52  Marauder  
  108  8:58  Medivac x2  
  108  9:00  Barracks  
  112  9:02  Orbital Command  
  112  9:06  Widow Mine x2  
  112  9:09  Marine, Marauder  
  119  9:10  Marine  
  119  9:12  SCV  
  119  9:14  SCV  
  120  9:24  SCV, Marauder  
  120  9:25  Marauder  
  120  9:26  SCV  
  120  9:27  Marine  
  120  9:29  Marine  
  120  9:30  Marauder  
  120  9:31  Widow Mine x2  
  134  9:32  SCV  
  135  9:39  Ghost Academy  
  135  9:40  Liberator  
  141  9:53  SCV x2  
  141  9:55  Supply Depot x2, Barracks Reactor  
  141  9:56  Supply Depot  
  141  9:57  SCV  
  139  10:05  SCV x2, Refinery  
  139  10:06  Refinery  
  141  10:13  SCV  
  139  10:14  Ghost  
  139  10:16  Ghost x2  
  139  10:18  Viking  
  144  10:25  Marine x2  
  146  10:28  Command Center  
  139  10:37  SCV x3, Armory  
  125  10:43  Ghost  
  125  10:44  Ghost x2  
  125  10:49  Marine x2  
  120  10:51  Widow Mine x2  
  120  10:58  Marine  
  120  10:59  Marine  
  120  11:00  SCV  
  119  11:07  Marine x2  
  119  11:13  Marine, Marauder, Viking  
  119  11:18  Marine x2  
  124  11:25  Missile Turret  
  124  11:28  Viking  
  124  11:31  Ghost  
  128  11:32  Ghost  
  128  11:35  Marine x2  
  128  11:37  Marine  
  128  11:38  Marine  
  132  11:43  Viking  
  132  11:48  Missile Turret  
  132  11:52  Marauder  
  132  11:53  Marine x2  
  136  11:59  Missile Turret  
  136  12:00  Missile Turret  
  136  12:05  SCV x3  
  139  12:09  Viking  
  139  12:13  Viking  
  143  12:19  Planetary Fortress  
  134  12:27  Marauder x3  
  117  12:30  Marine  
  117  12:33  SCV  
  118  12:39  Viking  
  118  12:49  Marine x3  
  118  12:51  Widow Mine x2  
  92  12:52  Marine x2  
  92  12:57  SCV x3  
  91  12:59  SCV  
Tags
 
Add a new tag
Caveats
  • Supply blocks, unpowered buildings, or Contaminate may cause inaccurate times.
  • Supply counts are checked every 10 seconds.